 Dungeon Crawl Stone Soup version 0.26-a0-1132-ge9770dfcb6 (webtiles) character file.

Game seed: 1296691865327389043

73 sahdkjhfkaj the Grave Robber (level 4, -4/61 (63) HPs)
             Began as a Troll Necromancer on Dec 21, 2020.
             Slain by Crazy Yiuf
             ... wielding a +4 quarterstaff of chaos
              (10 damage)
             ... on level 2 of the Dungeon.
             The game lasted 00:02:04 (1410 turns).

sahdkjhfkaj the Grave Robber (Troll Necromancer)    Turns: 1410, Time: 00:02:05

HP:   -4/61 (63)    AC: 22    Str: 17    XL:     4   Next: 8%
MP:   4/4           EV:  1    Int: 11    God:
Gold: 127           SH:  0    Dex: 10    Spells: 4/5 levels left

rFire    . . .     SeeInvis .     - Unarmed
rCold    . . .     Faith    .   (no shield)
rNeg     + + +     Spirit   .   (armour currently unavailable)
rPois    +         Reflect  .   (helmet currently unavailable)
rElec    .         Harm     .   (cloak currently unavailable)
rCorr    .         Rampage  .   (gloves unavailable)
Will     +....     NoTele   +   (boots unavailable)
Stlth    +.........             (no amulet)
HPRegen  0.60/turn              i - ring of willpower
MPRegen  0.09/turn              (no ring)

@: tree-form, petrifying, attractive, lightly drained, very slow
A: large, unfitting armour, regeneration 1
a: no special abilities


You were on level 2 of the Dungeon.
You were a tree.
You visited 1 branch of the dungeon, and saw 2 of its levels.

You collected 127 gold pieces.

Inventory:

Armour
 a - a +0 robe (melded)
Jewellery
 i - a ring of willpower (left branch)
Scrolls
 b - a scroll of enchant weapon
 g - 3 scrolls of remove curse
Potions
 c - 2 potions of haste
 e - a potion of attraction


   Skills:
 + Level 2.0 Fighting
 - Level 1.5 Dodging
 - Level 1.0 Stealth
 + Level 2.5 Unarmed Combat
 - Level 1.2 Spellcasting
 - Level 3.2 Necromancy


You had 4 spell levels left.
You knew the following spells:

 Your Spells              Type           Power        Failure   Level
a - Pain                  Necr           28%          9%          1

Your spell library contained the following spells:

 Spells                   Type           Power        Failure   Level
 Animate Skeleton         Necr           14%          9%          1
 Vampiric Draining        Necr           3%           26%         3
 Animate Dead             Necr           3%           63%         4
 Agony                    Necr           7%           93%         5


Dungeon Overview and Level Annotations

Branches:
Dungeon (2/15)

Altars:

Annotations:
D:2 Crazy Yiuf


Innate Abilities, Weirdness & Mutations

You are too large for most types of armour.
((You have claws for hands.))
Your natural rate of healing is unusually fast.
((You are covered in fur. (AC +1)))
((You have extremely tough skin. (AC +3)))


Message History

You bump into the stone wall.
Crazy Yiuf hits you with a +4 quarterstaff of chaos!
* * * LOW HITPOINT WARNING * * *
You feel drained.
* * * LOW HITPOINT WARNING * * *
It was a potion of attraction.
You feel attractive to monsters.
Crazy Yiuf hits you with a +4 quarterstaff of chaos.
* * * LOW HITPOINT WARNING * * *
It was a potion of lignification.
You turn into a tree.
Your +0 robe melds into your body.
Your roots penetrate the ground.
You feel less confused. Crazy Yiuf hits you but does no damage.
You are slowing down.
You smack Crazy Yiuf!
Crazy Yiuf is severely wounded.
Crazy Yiuf screams, "Action illywillydillykilly shoe!"
Crazy Yiuf hits you but does no damage.
You are electrocuted!
You die...

##.#............##...#.......#
##.###..######...).##........#
#......#.......#####......####
.........####### ######.######
##.####### #......# .........#
♣♣♣♣♣##......# .....##### ###
♣♣♣.♣..........# ...#.#
#...#♣..♣.......##### ##.#.##
#...g♣♣♣♣♣))....# ##.#..###
#)..#♣♣ ♣♣...)## ....#...##
### ♣♣#### ##....#..#
#.##..#.# #.###...###
##.###.....# ..†..#.....#
.....#.....#


You could see Crazy Yiuf.

Vanquished Creatures
  3 adders (D:2)
  An ooze (D:1)
  A dart slug (D:2)
  2 leopard geckos (D:2)
  A ball python (D:1)
  3 goblins
  7 hobgoblins
  2 quokkas (D:2)
  3 bats (D:1)
  5 frilled lizards
  3 kobolds
  10 rats
41 creatures vanquished.

Notes
Turn   | Place    | Note
-------+----------+-------------------------------------------
     0 | D:1      | sahdkjhfkaj the Troll Necromancer began the quest for the
                  | Orb.
     0 | D:1      | Reached XP level 1. HP: 16/16 MP: 1/1
   118 | D:1      | Reached skill level 1 in Unarmed Combat
   128 | D:1      | Reached XP level 2. HP: 26/26 MP: 2/2
   162 | D:1      | Reached skill level 1 in Fighting
   954 | D:2      | Reached XP level 3. HP: 32/33 MP: 3/3
  1148 | D:2      | Reached XP level 4. HP: 35/42 MP: 4/4
  1212 | D:2      | Found a runed translucent door.
  1213 | D:2      | Noticed Crazy Yiuf
  1410 | D:2      | Slain by Crazy Yiuf

Illustrated notes

Levels and vault maps discovered:
D:1:      sevenhm_arrival_forest_fort_small_5, layout_basic, wad_floor_pattern_1
D:2:      layout_rooms, minmay_statues_item, uniq_crazy_yiuf_cottage

Skill      XL: |  1  2  3 |
---------------+----------+-----
Unarmed Combat | 1 2 |  2.5
Fighting       | 1 2 |  2.0
Dodging        | |  1.5
Stealth        | |  1.0
Spellcasting   | |  1.2
Necromancy     | |  3.2

Action                   |  1- 3 |  4- 6 || total
-------------------------+-------+-------++-------
Melee: Unarmed           |   117 |    21 ||   138
  Use: Scroll            |     6 |       ||     6
       Potion            |       |     2 ||     2
 Stab: Sleeping          |     2 |       ||     2
Armor: Robe              |    41 |     9 ||    50
       Skin              |       |     1 ||     1
Dodge: Dodged            |    74 |     5 ||    79

Table legend: (Time is in decaauts)
 A = Elapsed time spent in this place.
 B = Non-inter-level travel time spent in this place.
 C = Inter-level travel time spent in this place.
 D = Time resting spent in this place.
 E = Time spent auto-exploring this place.
 F = Levels seen in this place.
 G = Mean time per level.
                   A        B        C        D        E       F      G
               +--------+--------+--------+--------+--------+-----+--------+
         Total |   1406 |   1389 |     17 |      0 |   1118 |   2 |  703.0 |
       Dungeon |   1406 |   1389 |     17 |      0 |   1118 |   2 |  703.0 |
               +--------+--------+--------+--------+--------+-----+--------+

Top non-repeatable levels by time:
     D:1: 867 daAuts
     D:2: 538 daAuts
